 Dungeon Crawl Stone Soup version 0.19.0-16-g73b5abf (console) character file.

3072 Morrissey the Slicer (level 10, 0/60 HPs)
             Began as a Kobold Assassin on Nov 11, 2016.
             Slain by Erica
             ... wielding a +4 scimitar of flaming
              (2 damage)
             ... on level 9 of the Dungeon.
             The game lasted 00:15:09 (7792 turns).

Morrissey the Slicer (Kobold Assassin)              Turns: 7792, Time: 00:15:10

Health: 0/60       AC: 12    Str: 14    XL:     10   Next: 12%
Magic:  13/13      EV: 22    Int: 12    God:
Gold:   325        SH:  0    Dex: 23    Spells: 0 memorised, 9 levels left

rFire  . . .     SeeInvis .     a - +3 dagger (vamp)
rCold  . . .     Gourm    .     T - +3 leather armour
rNeg   . . .     Faith    .     (shield restricted)
rPois  .         Spirit   .     (no helmet)
rElec  .         Reflect  .     j - +1 cloak "Uthotz" {Str+4 Dex+4}
rCorr  .         Harm     .     (no gloves)
MR     .....                    (no boots)
Stlth  +++++.....               (no amulet)
                                J - ring of stealth
                                o - +4 ring of protection

@: lethally poisoned (0 -> -6)
A: carnivore 3
a: no special abilities


You were on level 9 of the Dungeon.
You were very full.

You visited 2 branches of the dungeon, and saw 10 of its levels.

You collected 581 gold pieces.
You spent 256 gold pieces at shops.

Inventory:

Hand Weapons
 a - a +3 vampiric dagger (weapon)
 b - a +0 blowgun
 I - a +2 dagger
Missiles
 e - 34 poisoned needles
 f - 2 curare-tipped needles
 s - 6 needles of sleeping
Armour
 j - the +1 cloak "Uthotz" (worn) {Str+4 Dex+4}
   (You bought it in a shop on level 4 of the Dungeon)

   It affects your strength (+4).
   It affects your dexterity (+4).
 T - a +3 leather armour (worn)
Magical Staves
 N - an uncursed staff of earth {unknown}
Jewellery
 o - a +4 ring of protection (left hand)
 J - a ring of stealth (right hand)
 Q - an uncursed ring of protection from cold
 S - an uncursed amulet of guardian spirit
Wands
 v - a wand of acid (6/15)
 E - a wand of heal wounds (1/9)
 H - a wand of lightning (0/15)
 L - a wand of lightning (0/15)
Scrolls
 c - 2 scrolls of immolation {unknown}
 d - a scroll of acquirement {unknown}
 h - a scroll of random uselessness {unknown}
 i - 2 scrolls of noise {unknown}
 m - 2 scrolls of recharging {unknown}
 n - 2 scrolls of remove curse
 p - 2 scrolls of fog {unknown}
 q - a scroll of vulnerability {unknown}
 t - 3 scrolls of amnesia {unknown}
 x - 2 scrolls of enchant armour {unknown}
 z - 2 scrolls of blinking {unknown}
 C - 2 scrolls of magic mapping {unknown}
 O - a scroll of enchant weapon {unknown}
 P - a scroll of brand weapon {unknown}
Potions
 l - a potion of magic {unknown}
 r - a potion of haste
 u - 6 potions of curing
 w - 2 potions of mutation
 A - a potion of cancellation {unknown}
 D - a potion of flight {unknown}
 F - a potion of might {unknown}
 K - a potion of agility {unknown}
 R - 2 potions of heal wounds
Books
 B - a book of Minor Magic

   Spells                             Type                      Level
   a - Magic Dart                     Conjuration                  1
   b - Blink                          Translocation                2
   c - Call Imp                       Summoning                    2
   d - Repel Missiles                 Charms/Air                   2
   e - Slow                           Hexes                        2
   f - Conjure Flame                  Conjuration/Fire             3
   g - Mephitic Cloud                 Conjuration/Poison/Air       3
Comestibles
 g - 9 meat rations
 k - 5 beef jerkies


   Skills:
 + Level 5.9 Fighting
 * Level 9.3 Short Blades
 + Level 5.5 Throwing
 * Level 8.3 Dodging
 + Level 8.6 Stealth
 + Level 4.6 Evocations


You had 9 spell levels left.
You didn't know any spells.

Dungeon Overview and Level Annotations

Branches:
Dungeon (9/15)             Temple (1/1) D:4
   Lair: D:8-11         Orc: D:9-12

Altars:
Ashenzari
Cheibriados
Dithmenos
Elyvilon
Fedhas
Gozag
Hepliaklqana
Kikubaaqudgha
Makhleb
Okawaru
Qazlal
Ru
Sif Muna
Trog
Uskayaw
Vehumet
Yredelemnul
The Shining One

Shops:
D:4 [(?   D:9 =

Annotations:
D:9 Erica


Innate Abilities, Weirdness & Mutations

You are small and have problems with some larger weapons.
You are carnivorous and can eat meat at any time.


Message History

You hit something. You barely miss something. Something hits you.
Something burns you.
You closely miss something. You barely miss something.
You hear some strange, mumbled words.
An orb of energy appears from out of thin air!
The orb of energy hits you!
The orb of energy explodes!
You hit something. You hit something.
You feel better.
You hear some strange, mumbled words.
A bolt of poison appears from out of thin air!
The bolt of poison hits you!
You are poisoned.
Ouch! That really hurt!
* * * LOW HITPOINT WARNING * * *
You miss something.
You feel sick.
You hit something but do no damage. Something hits you!
* * * LOW HITPOINT WARNING * * *
Something burns you.
You die...

#.# #. #.# #∩ .#
#.# #.> #.# #.# #..
#.# #.# #..###.##
#.# #.$..... #.#
###...{#.#####.####
#.....@#.##.......#
#.........#.#####.#
#.........^.# #.#
#...........# #.#
#....(.###..# #.#
####...# #..#####.#
#...# #........#
##.## #.####.### ##
#.# #.#


There were no monsters in sight!

Vanquished Creatures
  Pikel (D:8)
  Psyche (D:8)
  Edmund (D:5)
  A black bear (D:6)
  3 orc warriors
  2 sky beasts
  An ice beast (D:4)
  3 phantoms
  2 centaurs
  A crocodile (D:7)
  2 bullfrogs
  A scorpion (D:5)
  2 howler monkeys (D:7)
  A crimson imp (D:5)
  A bullfrog skeleton (D:7)
  2 jellies
  3 orc priests
  7 hounds
  4 orc wizards
  Ijyb (D:4)
  A worker ant (D:4)
  A hound skeleton (D:4)
  A howler monkey zombie (D:7)
  4 adders
  2 oozes
  5 worms
  2 dart slugs
  3 leopard geckos
  18 orcs
  A ball python (D:1)
  7 bats
  5 giant cockroaches
  9 goblins
  6 hobgoblins
  2 jackals (D:2)
  4 quokkas
  2 frilled lizards
  A jackal skeleton (D:4)
  5 kobolds
  A leopard gecko skeleton (D:7)
  10 rats
130 creatures vanquished.

Vanquished Creatures (others)
  A slave (D:8)
  A goblin (D:4)
2 creatures vanquished.

Grand Total: 132 creatures vanquished

Notes
Turn   | Place    | Note
-------+----------+-------------------------------------------
     0 | D:1      | Morrissey the Kobold Assassin began the quest for the Orb.
     0 | D:1      | Reached XP level 1. HP: 12/12 MP: 1/1
   155 | D:1      | Reached skill level 3 in Short Blades
   155 | D:1      | Reached XP level 2. HP: 12/18 MP: 2/2
   544 | D:1      | Reached XP level 3. HP: 22/22 MP: 3/3
  1150 | D:2      | Reached XP level 4. HP: 10/27 MP: 4/4
  1151 | D:2      | Found a burning altar of Makhleb.
  1344 | D:2      | Found an iron altar of Okawaru.
  1624 | D:2      | Found a shadowy altar of Dithmenos.
  1856 | D:2      | Found a stormy altar of Qazlal.
  1926 | D:2      | Reached XP level 5. HP: 32/32 MP: 5/5
  2181 | D:2      | Reached skill level 4 in Short Blades
  2954 | D:3      | Found a shattered altar of Ashenzari.
  3125 | D:4      | Found Haenemih's Antique Armour Emporium.
  3429 | D:4      | Reached XP level 6. HP: 20/37 MP: 6/6
  3463 | D:4      | Noticed an ice beast
  3525 | D:4      | Found Tihyfaunt's Magic Scroll Boutique.
  3553 | D:4      | Killed an ice beast
  3553 | D:4      | Reached skill level 5 in Short Blades
  3594 | D:4      | Found a staircase to the Ecumenical Temple.
  3632 | D:4      | Found a deep blue altar of Sif Muna.
  3651 | D:4      | Bought a jewelled cloak for 256 gold pieces
  3661 | D:4      | Identified the +1 cloak "Uthotz" {Str+4 Dex+4} (You bought it in a shop on level 4 of the Dungeon)
  4010 | D:4      | Noticed a phantom
  4043 | D:4      | Reached XP level 7. HP: 43/43 MP: 7/7
  4059 | D:4      | Found Quloulur's Weapon Emporium.
  4245 | D:4      | Noticed Ijyb
  4277 | D:4      | Killed Ijyb
  4405 | D:5      | Entered Level 5 of the Dungeon
  4673 | D:5      | Noticed Edmund
  4676 | D:5      | Killed Edmund
  4676 | D:5      | Reached skill level 6 in Short Blades
  4773 | D:5      | Reached XP level 8. HP: 37/48 MP: 8/8
  4789 | D:5      | HP: 2/48 [orc priest/nerve-wracking pain (14)]
  4792 | D:5      | Reached skill level 5 in Dodging
  4792 | D:5      | Reached skill level 1 in Evocations
  5030 | Temple   | Entered the Ecumenical Temple
  5348 | D:6      | Found a blossoming altar of Fedhas.
  5894 | D:6      | Found a radiant altar of Vehumet.
  6096 | D:7      | Reached skill level 7 in Short Blades
  6215 | D:7      | Reached skill level 5 in Fighting
  6256 | D:7      | Reached XP level 9. HP: 54/54 MP: 11/11
  6682 | D:8      | Noticed Psyche
  6684 | D:8      | Killed Psyche
  6684 | D:8      | Reached skill level 8 in Short Blades
  6706 | D:8      | Noticed Pikel
  6772 | D:8      | Killed Pikel
  6772 | D:8      | Reached skill level 5 in Throwing
  7070 | D:8      | Reached skill level 9 in Short Blades
  7070 | D:8      | Reached XP level 10. HP: 60/60 MP: 13/13
  7072 | D:8      | Found a hazy altar of Hepliaklqana.
  7239 | D:8      | Found a deep blue altar of Sif Muna.
  7754 | D:9      | Noticed Erica
  7756 | D:9      | Found Utageong's Jewellery Shoppe.
  7792 | D:9      | HP: 2/60 [something (9)]
  7792 | D:9      | Slain by Erica

Skill      XL: |  1  2  3  4  5  6  7  8  9 10 |
---------------+-------------------------------+-----
Short Blades   | 3 4 5 6 7 9 |  9.3
Dodging        | 2 3 4 6 7 8 |  8.3
Fighting       | 3 4 5 |  5.9
Stealth        | 6 7 8 |  8.6
Throwing       | 3 4 5 |  5.5
Evocations     | 2 4 |  4.6

Action                   |  1- 3 |  4- 6 |  7- 9 | 10-12 || total
-------------------------+-------+-------+-------+-------++-------
Melee: Dagger            |   100 |   263 |   353 |   111 ||   827
 Fire: Blowgun           |     1 |     9 |     6 |       ||    16
Evoke: Wand              |       |       |     4 |       ||     4
  Use: Scroll            |       |     3 |     7 |       ||    10
       Potion            |       |     1 |     3 |       ||     4
 Stab: Sleeping          |     7 |     4 |    16 |     5 ||    32
       Distracted        |       |       |     1 |       ||     1
  Eat: Chunk             |     9 |     8 |    16 |     1 ||    34
Armor: Robe              |    11 |       |       |       ||    11
       Leather armour    |     5 |    61 |    69 |     8 ||   143
Dodge: Dodged            |    56 |   142 |   227 |    69 ||   494
